 Dungeon Crawl Stone Soup version 0.31-a0-1603-gbec6b6ccbf (webtiles) character file.

Game seed: 18222058268976386791

80 Xavori the Trooper (level 4, -2/33 (35) HPs)
             Began as a Djinni Chaos Knight on Jan 7, 2024.
             Was a Plaything of Xom.
             Slain by a goblin
             ... wielding a +0 club
             ... led by Robin
              (5 damage)
             ... on level 3 of the Dungeon.
             The game lasted 00:01:09 (3251 turns).

Xavori the Trooper (Djinni Chaos Knight)            Turns: 3251, Time: 00:01:10

HP:   -2/33 (35)    AC:  6    Str: 10      XL:     4   Next: 65%
Gold: 52            EV: 12    Int: 11 (12) God:    Xom [....*.] SH:  0 Dex: 18 (19)

rFire   + + .        a - +0 falchion (chaos)
rCold   x . .        (no shield)
rNeg    . . .        b - +2 leather armour
rPois   ∞            (no helmet)
rElec   .            g - +0 cloak
rCorr   .            (no gloves)
SInv    .            (boots unavailable)
Will    .....        (no amulet)
Stlth   +            (no ring)
HPRegen 1.85/turn    (no ring)
MPRegen 0.00/turn

%: infuse magic (-3 HP)
@: attractive, flying, drained
A: sickness immunity, fire resistance 2, cold vulnerability 1, float, innate
caster, HP casting, extra vitality 1, agile 1, deterioration 1, regeneration 2,
wild magic 1, MP-powered wands, persistent drain
a: Renounce Religion


You were on level 3 of the Dungeon.
You worshipped Xom.
You were a beloved toy of Xom.
You visited 1 branch of the dungeon, and saw 3 of its levels.

You collected 52 gold pieces.

Inventory:

Hand Weapons
 a - a +0 falchion of chaos (weapon)
Armour
 b - a +2 leather armour (worn)
 g - a +0 cloak (worn)
Scrolls
 c - a scroll of butterflies
 d - a scroll of vulnerability
 e - 3 scrolls of identify
 f - a scroll of amnesia {unknown}
 h - a scroll of poison {unknown}
 i - a scroll of torment {unknown}
Potions
 j - a potion of degeneration {unknown}


   Skills:
 + Level 3.3 Fighting
 + Level 3.0 Long Blades
 + Level 1.7 Armour
 + Level 2.7 Dodging
 * Level 1.5 Spellcasting
 * Level 1.5 Conjurations
 * Level 1.5 Hexes
   Level 0.0 Charms
 * Level 1.5 Summonings
 * Level 1.5 Necromancy
 * Level 1.5 Translocations
   Level 0.0 Transmutations
 * Level 1.5 Fire Magic
 * Level 1.5 Ice Magic
 * Level 1.5 Air Magic
 * Level 1.5 Earth Magic
 * Level 1.5 Alchemy


You knew the following spells:

 Your Spells              Type           Power      Damage    Failure   Level
a - Sting                 Conj/Alch      20%        1d4       30%         1
Your spell library was empty.

Dungeon Overview and Level Annotations

Branches:
Dungeon (2/15)

Altars:
The Shining One

Shops:
D:1 !

Annotations:
D:3 Robin


Innate Abilities, Weirdness & Mutations

You are immune to sickness and miasma.
You are immune to poison.
Your flesh is very heat resistant. (rF++)
You are vulnerable to cold. (rC-)
You float through the air rather than walking.
You learn spells naturally, not from books.
Your magical power is your life essence.
You have superior vitality. (+4 MHP)
You are agile. (Dex +4, Str/Int -1)
Your body sometimes deteriorates upon taking damage.
You heal very quickly.
Your spells are a little harder to cast, but a little more powerful.
You expend health (3 HP) to strengthen your wands.
Your health recovers twice as slowly from being drained.


Message History

The goblin closely misses you.
You hit the goblin. Lightning courses through the goblin!
You kill the goblin!
Robin throws the goblin at you! The goblin barely misses you. x2
The hobgoblin hits you but does no damage.
You hit the goblin.
You kill the goblin!
The adder barely misses you.
Robin roars a battlecry!
The goblin hits you with a +0 dagger. The goblin misses you.
The adder misses you. The hobgoblin hits you.
Your body deteriorates!
You feel dopey. The goblin hits you with a +0 dagger. The goblin misses you.
You closely miss the hobgoblin. The adder bites you.
The hobgoblin closely misses you. The goblin hits you with a +0 club.
Your body deteriorates!
You feel clumsy. The goblin barely misses you.
The hobgoblin hits you but does no damage.
The goblin hits you with a +0 club.
* * * LOW HITPOINT WARNING * * *
As you read the scroll labelled QOODIAZESM, it crumbles to dust.
It is a scroll of identify.
d - a scroll of vulnerability The adder barely misses you.
The hobgoblin hits you.
* * * LOW HITPOINT WARNING * * *
The goblin barely misses you. The hobgoblin completely misses you.
The goblin hits you but does no damage. The goblin closely misses you.
The adder bites you.
* * * LOW HITPOINT WARNING * * *
It was a potion of attraction.
You feel attractive to monsters.
Xom roars with laughter!
The adder bites you but does no damage. The hobgoblin hits you.
* * * LOW HITPOINT WARNING * * *
The hobgoblin barely misses you.
A goblin comes into view. It is wielding a +0 club.
The goblin barely misses you. The goblin hits you but does no damage.
The goblin hits you with a +0 club.
You die...
Xom snickers!

###...##########.###
....# #....# #....#
#....## #.....# ######
###### #.....#
.#.....###.88P# #.....#
......g#g...PP###...PP#
#.....g@g....8##...8P8#
#.?..gSg##.....#.######
#.....gg####...#.#
##...g..# #.....#
####.### #....## #g
+....# .. #...## ..g
#####


You could see Robin, an adder, 4 hobgoblins and 6 goblins.

Vanquished Creatures
  An orc wizard (D:3)
  2 adder zombies (D:3)
  A dart slug (D:1)
  3 orcs (D:3)
  3 ball pythons
  4 endoplasms (D:1)
  4 goblins
  6 hobgoblins
  4 kobolds
  2 quokkas
  A ball python skeleton (D:3)
  2 bats (D:1)
  3 frilled lizards (D:1)
  4 rats
40 creatures vanquished.

Notes
Turn   | Place    | Note
-------+----------+-------------------------------------------
     0 | D:1      | Xavori the Djinni Chaos Knight began the quest for the Orb.
     0 | D:1      | Reached XP level 1. HP: 20/20 MP: 0/0
    49 | D:1      | Found Gunukat's Distillery.
    57 | D:1      | Reached XP level 2. HP: 21/25 MP: 0/0
   410 | D:1      | Reached XP level 3. HP: 30/30 MP: 0/0
   410 | D:1      | Learned a level 1 spell: Sting
   476 | D:1      | Reached skill level 1 in Spellcasting
   476 | D:1      | Reached skill level 1 in Conjurations
   476 | D:1      | Reached skill level 1 in Hexes
   476 | D:1      | Reached skill level 1 in Summonings
   476 | D:1      | Reached skill level 1 in Necromancy
   476 | D:1      | Reached skill level 1 in Translocations
   476 | D:1      | Reached skill level 1 in Fire Magic
   476 | D:1      | Reached skill level 1 in Ice Magic
   476 | D:1      | Reached skill level 1 in Air Magic
   476 | D:1      | Reached skill level 1 in Earth Magic
   476 | D:1      | Reached skill level 1 in Alchemy
   747 | D:1      | XOM: cloud trail
  1174 | D:1      | XOM: scenery: 1 doors open
  1332 | D:1      | XOM: scenery: 1 doors close
  1365 | D:1      | XOM is BORED!
  1365 | D:1      | XOM: stat loss: -2 Int (11/13)
  1493 | D:1      | XOM: god gift: scroll labelled CUOSOKHUEH {god gift}
  1673 | D:1      | XOM: give mutations
  1673 | D:1      | Gained mutation: Your body sometimes deteriorates upon
                  | taking damage. [Xom's mischief]
  1673 | D:1      | Gained mutation: Your health recovers twice as slowly from
                  | being drained. [Xom's mischief]
  1673 | D:1      | Gained mutation: Your natural rate of healing is unusually
                  | fast. [Xom's mischief]
  2081 | D:1      | XOM: scenery: 1 doors open
  2579 | D:1      | XOM: draining
  2972 | D:1      | XOM: give mutations
  2972 | D:1      | Gained mutation: Your spells are a little harder to cast,
                  | but a little more powerful. [Xom's grace]
  2972 | D:1      | Gained mutation: You heal very quickly. [Xom's grace]
  2972 | D:1      | Gained mutation: You expend health (3 HP) to strengthen
                  | your wands. [Xom's grace]
  2972 | D:1      | Gained mutation: You are agile. (Dex +4, Str/Int -1) [Xom's
                  | grace]
  3017 | D:2      | Found a glowing golden altar of the Shining One.
  3049 | D:2      | XOM: cleaving
  3061 | D:2      | You are sucked into a shaft and drop 1 floor!
  3166 | D:3      | Reached XP level 4. HP: 31/32 MP: 0/0
  3239 | D:3      | Noticed Robin
  3251 | D:3      | Slain by a goblin

Illustrated notes

Levels and vault maps discovered:
D:1:      scummos_arrival_simple_fountains, layout_basic, serial_shops, shop
D:2:      layout_loops_ring, basic_altar, minmay_misc_feat_iff,
          hangedman_decor_growths
D:3:      layout_basic, serial_undead, serial_undead_e, serial_undead_a,
          serial_undead_b, serial_undead_d, serial_undead_c, serial_undead_a,
          uniq_robin

Skill      XL: |  1  2  3 |
---------------+----------+-----
Spellcasting   | 1 |  1.5
Conjurations   | 1 |  1.5
Hexes          | 1 |  1.5
Summonings     | 1 |  1.5
Necromancy     | 1 |  1.5
Translocations | 1 |  1.5
Fire Magic     | 1 |  1.5
Ice Magic      | 1 |  1.5
Air Magic      | 1 |  1.5
Earth Magic    | 1 |  1.5
Alchemy        | 1 |  1.5
Long Blades    | 3 |  3.0
Fighting       | |  3.3
Armour         | |  1.7
Dodging        | |  2.7

Action                     |  1- 3 |  4- 6 || total
---------------------------+-------+-------++-------
  Melee: Falchion          |    86 |    21 ||   107
         Punch             |     2 |       ||     2
    Use: Scroll            |     1 |     1 ||     2
         Potion            |       |     1 ||     1
 Armour: Leather armour    |    49 |    34 ||    83
  Dodge: Dodged            |    49 |    28 ||    77

Table legend: (Time is in decaauts)
 A = Elapsed time spent in this place.
 B = Non-inter-level travel time spent in this place.
 C = Inter-level travel time spent in this place.
 D = Time resting spent in this place.
 E = Time spent auto-exploring this place.
 F = Levels seen in this place.
 G = Mean time per level.
                   A        B        C        D        E       F      G
               +--------+--------+--------+--------+--------+-----+--------+
         Total |   3268 |   3217 |     51 |   2350 |    613 |   3 | 1089.3 |
       Dungeon |   3268 |   3217 |     51 |   2350 |    613 |   3 | 1089.3 |
               +--------+--------+--------+--------+--------+-----+--------+

Top non-repeatable levels by time:
     D:1: 2980 daAuts
     D:3: 196 daAuts
     D:2: 91 daAuts
